 Dungeon Crawl Stone Soup version 0.21.1-1-g345015f (webtiles) character file.

27 letownia2 the Digger (level 3, -1/24 HPs)
             Began as a Formicid Earth Elementalist on Feb 26, 2018.
             Slain by an orc
             ... wielding a +0 flail
              (4 damage)
             ... on level 3 of the Dungeon.
             The game lasted 00:03:00 (421 turns).

letownia2 the Digger (Formicid Earth Elementalist)   Turns: 421, Time: 00:03:01

Health: -1/24      AC:  5    Str: 12    XL:     3   Next: 25%
Magic:  0/6        EV: 10    Int: 15    God:
Gold:   30         SH:  0    Dex: 11    Spells: 5/6 levels left

rFire    . . .     SeeInvis +   a - +0 dagger
rCold    . . .     Gourm    .   (no shield)
rNeg     . . .     Faith    .   j - +0 ring mail (curse)
rPois    .         Spirit   .   (helmet unavailable)
rElec    .         Reflect  .   (no cloak)
rCorr    .         Harm     .   (no gloves)
MR       .....                  (no boots)
Stlth    +.........             (no amulet)
HPRegen  0.08/turn              (no ring)
MPRegen  0.10/turn              (no ring)

@: no status effects
A: permanent stasis, dig shafts and tunnels, four strong arms, antennae 3
a: Dig, Shaft Self


You were on level 3 of the Dungeon.
You were not hungry.

You visited 1 branch of the dungeon, and saw 3 of its levels.

You collected 30 gold pieces.

Inventory:

Hand Weapons
 a - a +0 dagger (weapon)
 o - a +0 spear
Missiles
 b - 23 stones (quivered)
Armour
 c - a +0 robe
 j - a cursed +0 ring mail (worn)
 l - a +0 leather armour
Wands
 m - a wand of disintegration (9)
Scrolls
 g - 2 scrolls of identify {unknown}
 h - a scroll of teleportation {unknown}
 i - a scroll of fear {unknown}
 k - a scroll of remove curse {unknown}
 n - a scroll of enchant armour {unknown}
Potions
 f - a potion of mutation {unknown}
Books
 e - a book of Geomancy

   Spells                             Type                      Level
   a - Sandblast                      Earth                        1
   b - Passwall                       Transmutation/Earth          2
   c - Stone Arrow                    Conjuration/Earth            3
   d - Petrify                        Transmutation/Earth          4
   e - Lee's Rapid Deconstruction     Earth                        5
Comestibles
 d - a ration


   Skills:
 - Level 1.7 Dodging
 - Level 2.4 Stealth
 - Level 2.1 Spellcasting
   Level 1.1 Transmutations
 + Level 5.1 Earth Magic


You had 5 spell levels left.
You knew the following spells:

 Your Spells              Type           Power        Failure   Level  Hunger
a - Sandblast             Erth           ###...       6%          1    #......


Dungeon Overview and Level Annotations

Branches:
Dungeon (3/15)

Altars:

Annotations:
D:3 Solrac's ghost, amateur MiBe


Innate Abilities, Weirdness & Mutations

You cannot be hasted, slowed, berserked, paralysed or teleported.
You can dig through walls and to a lower floor.
Your four strong arms can wield two-handed weapons with a shield.
You have a pair of large antennae on your head. (SInv)


Message History

Confirm with . or Enter, or press ? or * to list all spells.
Aiming: Sandblast
Press: ? - help, Shift-Dir - straight line, f/p - orc
Aim: an orc, wielding a flail and wearing a chain mail (almost dead)
The blast of sand hits the orc.
The orc is almost dead.
b - 24 stones The orc hits you but does no damage.
Unknown command.
Your magical contamination has completely faded away.
Casting: Sandblast
Confirm with . or Enter, or press ? or * to list all spells.
Aiming: Sandblast
Press: ? - help, Shift-Dir - straight line, f/p - orc
Aim: an orc, wielding a flail and wearing a chain mail (almost dead)
The blast of sand hits the orc.
The orc is almost dead.
b - 23 stones The orc hits you with a flail.
You die...

#. ####### #. ...#.#
#.#.###.#.# ##########
#.#......o. #....@o..#
#.#####o###
##.#####.###.#........
#...........#.###.###
#######.###...#...###
#.# ###.#......
#.###..........
#.##....#......
#.##....#..#.##
#.##....#......


You could see an orc.

Vanquished Creatures
  An adder (D:3)
  A dart slug (D:3)
  An orc (D:3)
  A giant cockroach (D:1)
  A goblin (D:1)
  3 hobgoblins
  3 kobolds (D:1)
  A quokka (D:3)
  A bat (D:1)
13 creatures vanquished.

Notes
Turn   | Place    | Note
-------+----------+-------------------------------------------
     0 | D:1      | letownia2 the Formicid Earth Elementalist began the quest for the Orb.
     0 | D:1      | Reached XP level 1. HP: 13/13 MP: 3/3
   103 | D:1      | Reached skill level 4 in Earth Magic
   117 | D:1      | Reached XP level 2. HP: 11/19 MP: 0/5
   402 | D:3      | Reached skill level 5 in Earth Magic
   402 | D:3      | Reached XP level 3. HP: 1/24 MP: 1/6
   405 | D:3      | Noticed Solrac's ghost (amateur MiBe)
   421 | D:3      | Slain by an orc

Skill      XL: |  1  2 |
---------------+-------+-----
Earth Magic    | 4 5 |  5.1
Dodging        | |  1.7
Stealth        | |  2.4
Spellcasting   | |  2.1
Transmutations | |  1.1

Action                   || total
-------------------------++-------
Melee: Dagger            ||    29
       Unarmed           ||     4
 Cast: Sandblast         ||    25
 Stab: Sleeping          ||     1
Armor: Robe              ||     4
       Ring mail         ||     8
Dodge: Dodged            ||    21
